Coyotes vs Wild

Created - Wednesday, January 27, 2016 at 12:23

Goals
1 2 3 T
Coyotes 0 2 1 3
Wild 2 0 4 6
Shots
1 2 3 T
Coyotes 4 6 15 25
Wild 13 4 22 39

1st period

1. Wild , Mark Streit 10 (Brad Marchand, Patrik Elias) at 1:04 (PP)
2. Wild , Toby Enstrom 5 (Brad Marchand, Patrik Elias) at 3:50 (PP)

Penalties :
Mark Borowiecki (Ari) for Roughing (Minor) at 0:37, Nick Petrecki (Ari) for Tripping (Minor) at 3:08, Mark Borowiecki (Ari) for Tripping (Minor) at 11:27, Carter Ashton (Ari) for Interference (Minor) at 14:57, Cody McCormick (Min) for Slashing (Double Minor) at 18:06

2nd period

3. Coyotes , Ryan Spooner 6 (David Jones, Andrej Sustr) at 1:47 (PP)
4. Coyotes , Greg Pateryn 3 (Andrej Sustr, Ryan Spooner) at 7:40 (PP)

Penalties :
Greg Pateryn (Ari) for Hooking (Minor) at 4:28, Dana Tyrell (Min) for Hooking (Minor) at 5:03, Toby Enstrom (Min) for Hooking (Minor) at 7:20, Marek Zidlicky (Min) for Hooking (Minor) at 14:38

3rd period

5. Wild , Patrik Elias 14 (Cody McCormick, Cody Franson) at 2:24
6. Wild , Cody Franson 7 (Mark Streit, Marcus Johansson) at 4:47 (PP)
7. Wild , Patrik Elias 15 (Jordan Eberle, Jonathan Ericsson) at 11:13 (PP)
8. Coyotes , Ryan Spooner 7 (Rob Klinkhammer) at 12:32
9. Wild , Marcus Johansson 17 (Toby Enstrom) at 15:00

Penalties :
Nick Petrecki (Ari) for High sticking (Minor) at 4:36, Mark Borowiecki (Ari) for Interference (Minor) at 5:21, Dana Tyrell (Min) for Fighting (Major) at 8:19, Philippe Paradis (Ari) for Fighting (Major) at 8:19, Mark Borowiecki (Ari) for Cross-checking (Minor) at 10:00, Nick Petrecki (Ari) for Holding (Minor) at 15:32

Goalie Stats

Carter Hutton (Ari), 33 saves from 39 shots - (0.846), L, 2-11-1, 60:00 minutes
Ryan Miller (Min), 22 saves from 25 shots - (0.880), W, 18-15-3, 60:00 minutes

Players Stats for Coyotes

Player Name              G  A  P  +/- PIM S  H  SB GA TA FO     MP     PP MP  PK MP  
------------------------------------------------------------------------------------
Andrej Sustr             0  2  2   0  0   1  0  1  0  4  0/0    27:23   3:17  10:26 
Bobby Butler             0  0  0   0  0   3  1  0  0  0  0/0    10:17   0:00   0:00 
Brandon Davidson         0  0  0   0  0   0  0  0  0  0  0/0     0:00   0:00   0:00 
Carter Ashton            0  0  0  -1  2   0  0  0  0  1  0/0    10:53   0:00   0:00 
David Jones              0  1  1   0  0   1  1  1  2  0  0/2    21:17   3:41   8:30 
Elias Lindholm           0  0  0   0  0   3  1  1  5  1  8/21   21:33   2:45   8:30 
Gabriel Dumont           0  0  0   0  0   1  0  2  1  1  4/8    13:31   3:41   0:00 
Greg Pateryn             1  0  1   0  2   1  1  1  0  1  0/0    19:27   3:26   0:55 
Jonathan Marchessault    0  0  0  -1  0   0  1  0  0  0  0/1    11:15   0:09   0:00 
Mark Barberio            0  0  0   0  0   2  0  2  0  1  0/0    15:07   0:00   0:00 
Mark Borowiecki          0  0  0   0  8   3  2  4  1  1  0/0    24:32   3:18   4:48 
Michal Jordan            0  0  0  -1  0   2  1  2  0  3  0/0    23:22   3:18   5:59 
Nick Petrecki            0  0  0  -1  6   1  0  0  0  0  0/0    10:41   0:00   0:00 
Philippe Paradis         0  0  0   0  5   0  1  0  0  0  0/0    10:39   0:00   0:00 
R.J. Umberger            0  0  0   0  0   2  2  1  2  0  1/1    17:59   2:54   2:34 
Rob Klinkhammer          0  1  1   0  0   0  2  0  3  0  0/0    12:54   2:45   0:00 
Ryan Spooner             2  1  3   0  0   5  0  0  3  0  9/12   17:53   3:41   2:34 
Stephen Weiss            0  0  0  -1  0   0  1  1  3  0  1/13   18:39   0:00   0:00 

Players Stats for Wild

Player Name              G  A  P  +/- PIM S  H  SB GA TA FO     MP     PP MP  PK MP  
------------------------------------------------------------------------------------
Brad Marchand            0  2  2  -1  0   4  2  0  2  0  1/2    20:46   4:51   2:28 
Brian Strait             0  0  0   1  0   1  1  0  0  0  0/0    10:18   0:00   0:00 
Cody Franson             1  1  2   1  0   5  1  1  0  0  0/0    26:33   8:11   2:32 
Cody McCormick           0  1  1   1  4   2  2  0  0  0  1/4    18:35   6:13   1:31 
Craig Cunningham         0  0  0   0  0   2  3  0  0  0  7/8     9:27   0:00   1:52 
Dale Weise               0  0  0   0  0   3  1  0  0  0  0/0     7:35   0:00   0:00 
Dana Tyrell              0  0  0   0  7   0  0  0  0  0  0/0    12:45   4:17   0:00 
Derek Stepan             0  0  0  -1  0   2  0  0  4  0  11/16  13:49   0:00   1:38 
Jonathan Ericsson        0  1  1   1  0   0  2  3  0  3  0/0    20:47   2:53   2:38 
Jordan Eberle            0  1  1   1  0   0  1  0  3  0  0/0    11:23   0:33   0:00 
Marcus Johansson         1  1  2   1  0   7  1  0  7  0  12/24  18:46   6:13   1:42 
Marek Zidlicky           0  0  0   1  2   0  0  1  2  2  0/0    11:59   0:00   0:00 
Mark Streit              1  1  2  -1  0   6  4  2  2  2  0/0    27:36   8:11   3:57 
Max Talbot               0  0  0   1  0   0  1  2  0  0  0/0     9:06   0:00   0:00 
Patrik Elias             2  2  4   1  0   5  1  1  5  0  3/4    15:21   4:51   0:00 
Thomas Vanek             0  0  0   1  0   0  0  1  1  0  0/0    22:24   6:13   3:59 
Toby Enstrom             1  1  2  -1  2   2  0  2  0  1  0/0    23:08   2:53   4:03 
Tuomo Ruutu              0  0  0  -1  0   0  0  1  0  1  0/0    11:38   0:00   0:00 

3 Stars

1 - Patrik Elias (Min)
2 - Ryan Spooner (Ari)
3 - Cody Franson (Min)

Power Play

Coyotes - 2 on 5 Attempt(s) - 40.00%
Wild - 4 on 9 Attempt(s) - 44.44%

Penalty Kill

Coyotes - 5 on 9 Attempt(s) - 55.56% - Score 0 goal in Penalty Kill
Wild - 3 on 5 Attempt(s) - 60.00% - Score 0 goal in Penalty Kill

Team Stat

Coyotes - Hits : 14 - Faceoff Wins : 23 - Blocked Shots : 16 - Penalty Minutes : 23
Wild - Hits : 20 - Faceoff Wins : 35 - Blocked Shots : 14 - Penalty Minutes : 15

Official

Referees : Unknown
Linesman : Unknown

Game Notes

Dana Tyrell and Philippe Paradis fight to a draw at 8:19 of 3rd period

Finance

Level 1 -- Attendance: 4256 (70.93%) -- Ticket Income $425,600
Level 2 -- Attendance: 3476 (69.52%) -- Ticket Income $208,560
Level 3 -- Attendance: 1389 (69.45%) -- Ticket Income $48,615
Level 4 -- Attendance: 3028 (75.70%) -- Ticket Income $60,560
Luxury Box -- Attendance: 650 (65.00%) -- Ticket Income $130,000
Game was played at the Xcel Energy Center.
Total Attendance: 12799 (71.11%)
Total Ticket Income: $873,335
Other Income: $427,934
Total Income: $1,301,269

Coyotes

5 vs 5 Forward 
   Center                   Left Wing                Right Wing               Time % Phy DF OF 
 1 Elias Lindholm           Stephen Weiss            David Jones              35     1   2  2  
 2 Ryan Spooner             Rob Klinkhammer          R.J. Umberger            30     1   2  2  
 3 Stephen Weiss            Carter Ashton            Jonathan Marchessault    22     1   2  2  
 4 Gabriel Dumont           Philippe Paradis         Bobby Butler             13     1   2  2  

5 vs 5 Defense 
   Defense                  Defense                                           Time % Phy DF OF 
 1 Andrej Sustr             Mark Borowiecki                                   35     1   2  2  
 2 Greg Pateryn             Mark Barberio                                     30     1   2  2  
 3 Nick Petrecki            Michal Jordan                                     22     1   2  2  
 4 Mark Borowiecki          Michal Jordan                                     13     1   2  2  

PowerPlay Forward 
   Center                   Left Wing                Right Wing               Time % Phy DF OF 
 1 Ryan Spooner             Gabriel Dumont           David Jones              60     1   2  2  
 2 Elias Lindholm           Rob Klinkhammer          R.J. Umberger            40     1   2  2  

PowerPlay Defense
   Defense                  Defense                                           Time % Phy DF OF 
 1 Michal Jordan            Mark Borowiecki                                   60     1   2  2  
 2 Andrej Sustr             Greg Pateryn                                      40     1   2  2  

Penalty Kill 4 Players Forward 
   Center                   Wing                     Time % Phy DF OF 
 1 Elias Lindholm           David Jones              60     1   2  2  
 2 Ryan Spooner             R.J. Umberger            40     1   2  2  

Penalty Kill 4 Players Defense
   Defense                  Defense                  Time % Phy DF OF 
 1 Mark Borowiecki          Andrej Sustr             60     1   2  2  
 2 Greg Pateryn             Michal Jordan            40     1   2  2  

Penalty Kill - 3 Players Forward 
   Forward                                           Time % Phy DF OF 
 1 Elias Lindholm                                    60     1   2  2  
 2 Ryan Spooner                                      40     1   2  2  

Penalty Kill - 3 Players Defense
   Defense                  Defense                  Time % Phy DF OF 
 1 Mark Borowiecki          Andrej Sustr             60     1   2  2  
 2 Greg Pateryn             Michal Jordan            40     1   2  2  

4 vs 4 Forward 
   Center                   Wing                     Time % Phy DF OF 
 1 Elias Lindholm           R.J. Umberger            60     1   2  2  
 2 Ryan Spooner             David Jones              40     1   2  2  

4 vs 4 Defense
   Defense                  Defense                  Time % Phy DF OF 
 1 Andrej Sustr             Mark Borowiecki          60     1   2  2  
 2 Greg Pateryn             Michal Jordan            40     1   2  2  

Last Minutes Offensive
   Center                   Left Wing                Right Wing               Defense                  Defense                  
   Elias Lindholm           Ryan Spooner             Rob Klinkhammer          Andrej Sustr             Brandon Davidson         

Last Minutes Defensive
   Center                   Left Wing                Right Wing               Defense                  Defense                  
   Elias Lindholm           Ryan Spooner             David Jones              Andrej Sustr             Mark Borowiecki          

Goaltenders
Starting : Carter Hutton            
Backup : Magnus Hellberg          

Extra Forwards
Normal : Jonathan Marchessault, Bobby Butler, Gabriel Dumont - PP : R.J. Umberger, Gabriel Dumont - PK : David Jones
Extra Defensemen
Normal : Michal Jordan, Greg Pateryn, Andrej Sustr - PP : Michal Jordan - PK : Michal Jordan, Andrej Sustr
Penalty Shots
Elias Lindholm, Ryan Spooner, Rob Klinkhammer, David Jones, R.J. Umberger

Wild

5 vs 5 Forward 
   Center                   Left Wing                Right Wing               Time % Phy DF OF 
 1 Marcus Johansson         Thomas Vanek             Jordan Eberle            35     1   2  2  
 2 Derek Stepan             Brad Marchand            Tuomo Ruutu              30     1   2  2  
 3 Cody McCormick           Patrik Elias             Max Talbot               22     1   2  2  
 4 Craig Cunningham         Dana Tyrell              Dale Weise               13     1   2  2  

5 vs 5 Defense 
   Defense                  Defense                                           Time % Phy DF OF 
 1 Mark Streit              Toby Enstrom                                      35     1   2  2  
 2 Cody Franson             Marek Zidlicky                                    30     1   2  2  
 3 Brian Strait             Jonathan Ericsson                                 22     1   2  2  
 4 Cody Franson             Jonathan Ericsson                                 13     1   2  2  

PowerPlay Forward 
   Center                   Left Wing                Right Wing               Time % Phy DF OF 
 1 Marcus Johansson         Thomas Vanek             Cody McCormick           60     1   2  2  
 2 Patrik Elias             Brad Marchand            Dana Tyrell              40     1   2  2  

PowerPlay Defense
   Defense                  Defense                                           Time % Phy DF OF 
 1 Cody Franson             Mark Streit                                       60     1   2  2  
 2 Jonathan Ericsson        Toby Enstrom                                      40     1   2  2  

Penalty Kill 4 Players Forward 
   Center                   Wing                     Time % Phy DF OF 
 1 Cody McCormick           Thomas Vanek             60     1   2  2  
 2 Derek Stepan             Brad Marchand            40     1   2  2  

Penalty Kill 4 Players Defense
   Defense                  Defense                  Time % Phy DF OF 
 1 Toby Enstrom             Mark Streit              60     1   2  2  
 2 Jonathan Ericsson        Cody Franson             40     1   2  2  

Penalty Kill - 3 Players Forward 
   Forward                                           Time % Phy DF OF 
 1 Cody McCormick                                    60     1   2  2  
 2 Thomas Vanek                                      40     1   2  2  

Penalty Kill - 3 Players Defense
   Defense                  Defense                  Time % Phy DF OF 
 1 Toby Enstrom             Mark Streit              60     1   2  2  
 2 Jonathan Ericsson        Cody Franson             40     1   2  2  

4 vs 4 Forward 
   Center                   Wing                     Time % Phy DF OF 
 1 Cody McCormick           Thomas Vanek             60     1   2  2  
 2 Marcus Johansson         Brad Marchand            40     1   2  2  

4 vs 4 Defense
   Defense                  Defense                  Time % Phy DF OF 
 1 Cody Franson             Mark Streit              60     1   2  2  
 2 Jonathan Ericsson        Toby Enstrom             40     1   2  2  

Last Minutes Offensive
   Center                   Left Wing                Right Wing               Defense                  Defense                  
   Marcus Johansson         Brad Marchand            Jordan Eberle            Cody Franson             Mark Streit              

Last Minutes Defensive
   Center                   Left Wing                Right Wing               Defense                  Defense                  
   Cody McCormick           Patrik Elias             Craig Cunningham         Toby Enstrom             Jonathan Ericsson        

Goaltenders
Starting : Ryan Miller              
Backup : Niklas Backstrom         

Extra Forwards
Normal : Derek Stepan, Cody McCormick, Thomas Vanek - PP : Jordan Eberle, Cody McCormick - PK : Marcus Johansson
Extra Defensemen
Normal : Cody Franson, Toby Enstrom, Jonathan Ericsson - PP : Toby Enstrom - PK : Toby Enstrom, Jonathan Ericsson
Penalty Shots
Jordan Eberle, Thomas Vanek, Derek Stepan, Brad Marchand, Cody McCormick

% Time on Ice - Coyotes

Lines # - Real PCT - Wanted PCT - Time Play
Normal Forward
1 - 22% - 35% - 9:06
2 - 27% - 30% - 11:07
3 - 26% - 22% - 10:27
4 - 25% - 13% - 10:17
Normal Defense
1 - 31% - 35% - 12:45
2 - 38% - 30% - 15:22
3 - 26% - 22% - 10:44
4 - 5% - 13% - 2:06
PP Forward
1 - 58% - 60% - 3:50
2 - 42% - 40% - 2:45
PP Defense
1 - 41% - 60% - 2:43
2 - 59% - 40% - 3:52
PK Forward
1 - 77% - 60% - 8:30
2 - 23% - 40% - 2:34
PK Defense
1 - 94% - 60% - 10:26
2 - 6% - 40% - 0:38
PK3 Forward
1 - 0% - 60%
2 - 0% - 40%
PK3 Defense
1 - 0% - 60%
2 - 0% - 40%
44 Forward
1 - 100% - 60% - 1:24
2 - 0% - 40% - 0:00
44 Defense
1 - 81% - 60% - 1:08
2 - 19% - 40% - 0:16
Last Minute Offensive  - 0:00
Last Minute Defensive  - 0:00
Total
Forward - 60:00
Defense - 60:00

% Time on Ice - Wild

Lines # - Real PCT - Wanted PCT - Time Play
Normal Forward
1 - 27% - 35% - 11:14
2 - 32% - 30% - 13:02
3 - 22% - 22% - 9:06
4 - 19% - 13% - 7:35
Normal Defense
1 - 36% - 35% - 14:42
2 - 32% - 30% - 12:54
3 - 25% - 22% - 10:18
4 - 7% - 13% - 3:03
PP Forward
1 - 56% - 60% - 6:13
2 - 44% - 40% - 4:51
PP Defense
1 - 74% - 60% - 8:11
2 - 26% - 40% - 2:53
PK Forward
1 - 77% - 60% - 5:06
2 - 23% - 40% - 1:29
PK Defense
1 - 60% - 60% - 3:57
2 - 40% - 40% - 2:38
PK3 Forward
1 - 0% - 60%
2 - 0% - 40%
PK3 Defense
1 - 0% - 60%
2 - 0% - 40%
44 Forward
1 - 100% - 60% - 1:24
2 - 0% - 40% - 0:00
44 Defense
1 - 55% - 60% - 0:46
2 - 45% - 40% - 0:38
Last Minute Offensive  - 0:00
Last Minute Defensive  - 0:00
Total
Forward - 60:00
Defense - 60:00

Play by Play

1st period


0:01 of 1st period - Marcus Johansson wins face-off versus Elias Lindholm in neutral zone.
0:37 of 1st period - Minor Penalty to Mark Borowiecki for Roughing.
0:38 of 1st period - Brad Marchand wins face-off versus Elias Lindholm in Coyotes zone.
0:54 of 1st period - Snap shot by Brad Marchand.
0:54 of 1st period - Stopped by Carter Hutton with a rebound.
1:02 of 1st period - Slapshot by Mark Streit.
1:02 of 1st period - Shot Misses the Net.
1:04 of 1st period - Slapshot by Mark Streit.
1:04 of 1st period - Goal by Mark Streit - Coyotes : 0 - Wild : 1.
1:05 of 1st period - Ryan Spooner wins face-off versus Derek Stepan in neutral zone.
1:14 of 1st period - Wrist shot by Ryan Spooner.
1:14 of 1st period - Shot Misses the Net.
2:12 of 1st period - Michal Jordan is hit by Max Talbot and loses puck.
2:21 of 1st period - Backhand shot by Max Talbot.
2:21 of 1st period - Shot Misses the Net.
2:40 of 1st period - Snap shot by Craig Cunningham.
2:40 of 1st period - Shot Misses the Net.
2:46 of 1st period - Snap shot by Dale Weise.
2:46 of 1st period - Shot Misses the Net.
2:50 of 1st period - Snap shot by Craig Cunningham.
2:50 of 1st period - Stopped by Carter Hutton with a rebound.
2:52 of 1st period - Wrist shot by Dale Weise.
2:52 of 1st period - Stopped by Carter Hutton with a rebound.
3:08 of 1st period - Minor Penalty to Nick Petrecki for Tripping.
3:09 of 1st period - Marcus Johansson wins face-off versus Elias Lindholm in Coyotes zone.
3:42 of 1st period - Snap shot by Marcus Johansson.
3:42 of 1st period - Stopped by Carter Hutton without a rebound.
3:43 of 1st period - Patrik Elias wins face-off versus Elias Lindholm in Coyotes zone.
3:48 of 1st period - Snap shot by Brad Marchand.
3:48 of 1st period - Shot Misses the Net.
3:50 of 1st period - Slapshot by Toby Enstrom.
3:50 of 1st period - Goal by Toby Enstrom - Coyotes : 0 - Wild : 2.
3:51 of 1st period - Gabriel Dumont wins face-off versus Marcus Johansson in neutral zone.
4:01 of 1st period - Snap shot by Gabriel Dumont.
4:01 of 1st period - Shot Misses the Net.
4:13 of 1st period - Snap shot by Bobby Butler.
4:13 of 1st period - Stopped by Ryan Miller with a rebound.
4:15 of 1st period - Slapshot by Andrej Sustr.
4:15 of 1st period - Shot Blocked by Mark Streit.
4:17 of 1st period - Snap shot by Bobby Butler.
4:17 of 1st period - Shot Blocked by Toby Enstrom.
4:19 of 1st period - Slapshot by Mark Borowiecki.
4:19 of 1st period - Shot Blocked by Thomas Vanek.
4:21 of 1st period - Slapshot by Mark Borowiecki.
4:21 of 1st period - Shot Misses the Net.
4:41 of 1st period - Mark Streit is hit by Mark Borowiecki and loses puck.
4:56 of 1st period - Slapshot by Elias Lindholm.
4:56 of 1st period - Stopped by Ryan Miller with a rebound.
4:58 of 1st period - Wrist shot by Elias Lindholm.
4:58 of 1st period - Deflect By Stephen Weiss.
4:58 of 1st period - Shot Blocked by Toby Enstrom.
4:58 of 1st period - Puck is out of play.
4:59 of 1st period - Ryan Spooner wins face-off versus Derek Stepan in Wild zone.
5:06 of 1st period - Wrist shot by R.J. Umberger.
5:06 of 1st period - Stopped by Ryan Miller with a rebound.
8:23 of 1st period - Wrist shot by R.J. Umberger.
8:23 of 1st period - Stopped by Ryan Miller without a rebound.
8:24 of 1st period - Craig Cunningham wins face-off versus Stephen Weiss in Wild zone.
8:29 of 1st period - Slapshot by Marek Zidlicky.
8:29 of 1st period - Shot Blocked by Mark Barberio.
8:31 of 1st period - Slapshot by Cody Franson.
8:31 of 1st period - Stopped by Carter Hutton with a rebound.
8:33 of 1st period - Slapshot by Cody Franson.
8:33 of 1st period - Deflect By Dale Weise.
8:33 of 1st period - Stopped by Carter Hutton with a rebound.
8:35 of 1st period - Snap shot by Craig Cunningham.
8:35 of 1st period - Shot Blocked by Greg Pateryn.
8:53 of 1st period - Slapshot by Marek Zidlicky.
8:53 of 1st period - Shot Blocked by Mark Barberio.
9:36 of 1st period - Stephen Weiss is hit by Mark Streit and loses puck.
10:38 of 1st period - Slapshot by Ryan Spooner.
10:38 of 1st period - Shot Misses the Net.
10:40 of 1st period - Slapshot by Michal Jordan.
10:40 of 1st period - Shot Blocked by Jonathan Ericsson.
10:42 of 1st period - Slapshot by Rob Klinkhammer.
10:42 of 1st period - Shot Misses the Net.
10:44 of 1st period - Slapshot by Michal Jordan.
10:44 of 1st period - Shot Misses the Net.
10:46 of 1st period - Snap shot by Michal Jordan.
10:46 of 1st period - Shot Blocked by Patrik Elias.
11:06 of 1st period - Wrist shot by Dale Weise.
11:06 of 1st period - Shot Misses the Net.
11:08 of 1st period - Snap shot by Craig Cunningham.
11:08 of 1st period - Stopped by Carter Hutton with a rebound.
11:10 of 1st period - Wrist shot by Dale Weise.
11:10 of 1st period - Shot Misses the Net.
11:12 of 1st period - Snap shot by Craig Cunningham.
11:12 of 1st period - Shot Misses the Net.
11:16 of 1st period - Slapshot by Marek Zidlicky.
11:16 of 1st period - Shot Blocked by Gabriel Dumont.
11:18 of 1st period - Snap shot by Dale Weise.
11:18 of 1st period - Deflect By Bobby Butler.
11:18 of 1st period - Shot Blocked by Michal Jordan.
11:18 of 1st period - Puck is out of play.
11:19 of 1st period - Derek Stepan wins face-off versus Ryan Spooner in Coyotes zone.
11:27 of 1st period - Minor Penalty to Mark Borowiecki for Tripping.
11:28 of 1st period - Elias Lindholm wins face-off versus Marcus Johansson in Coyotes zone.
11:32 of 1st period - Elias Lindholm is hit by Cody McCormick and loses puck.
11:39 of 1st period - Slapshot by Mark Streit.
11:39 of 1st period - Stopped by Carter Hutton without a rebound.
11:40 of 1st period - Marcus Johansson wins face-off versus Elias Lindholm in Coyotes zone.
13:26 of 1st period - Icing by Brad Marchand.
13:27 of 1st period - Penalty to Mark Borowiecki is over, Mark Borowiecki is back on ice.
13:27 of 1st period - Gabriel Dumont wins face-off versus Patrik Elias in Wild zone.
13:53 of 1st period - Snap shot by Derek Stepan.
13:53 of 1st period - Stopped by Carter Hutton without a rebound.
13:54 of 1st period - Ryan Spooner wins face-off versus Derek Stepan in Coyotes zone.
14:57 of 1st period - Minor Penalty to Carter Ashton for Interference.
14:58 of 1st period - Marcus Johansson wins face-off versus Elias Lindholm in Coyotes zone.
15:31 of 1st period - Dana Tyrell is hit by Mark Borowiecki and loses puck.
15:51 of 1st period - R.J. Umberger is hit by Mark Streit and loses puck.
16:13 of 1st period - Mark Borowiecki is hit by Cody Franson and loses puck.
16:57 of 1st period - Penalty to Carter Ashton is over, Carter Ashton is back on ice.
17:30 of 1st period - Michal Jordan is hit by Dale Weise and loses puck.
17:35 of 1st period - Snap shot by Dale Weise.
17:35 of 1st period - Shot Misses the Net.
17:37 of 1st period - Slapshot by Brian Strait.
17:37 of 1st period - Stopped by Carter Hutton without a rebound.
17:38 of 1st period - Craig Cunningham wins face-off versus Gabriel Dumont in Coyotes zone.
17:53 of 1st period - Snap shot by Gabriel Dumont.
17:53 of 1st period - Shot Blocked by Max Talbot.
18:06 of 1st period - Double Minor Penalty to Cody McCormick for Slashing.
18:07 of 1st period - Ryan Spooner wins face-off versus Marcus Johansson in Wild zone.
19:30 of 1st period - Mark Borowiecki is hit by Jonathan Ericsson and loses puck.
19:37 of 1st period - Snap shot by Brad Marchand.
19:37 of 1st period - Stopped by Carter Hutton without a rebound.
19:38 of 1st period - Craig Cunningham wins face-off versus Elias Lindholm in Coyotes zone.
Goals for this period are 0 for Coyotes vs 2 for Wild.
Shots for this period are 4 for Coyotes vs 13 for Wild.

2nd period


0:01 of 2nd period - Ryan Spooner wins face-off versus Marcus Johansson in neutral zone.
1:09 of 2nd period - Backhand shot by Elias Lindholm.
1:09 of 2nd period - Stopped by Ryan Miller without a rebound.
1:10 of 2nd period - Elias Lindholm wins face-off versus Craig Cunningham in Wild zone.
1:47 of 2nd period - Snap shot by Ryan Spooner.
1:47 of 2nd period - Goal by Ryan Spooner - Coyotes : 1 - Wild : 2.
1:48 of 2nd period - Derek Stepan wins face-off versus Stephen Weiss in neutral zone.
3:34 of 2nd period - Greg Pateryn is hit by Mark Streit and loses puck.
3:48 of 2nd period - Icing by Mark Barberio.
3:49 of 2nd period - Gabriel Dumont wins face-off versus Marcus Johansson in Coyotes zone.
4:28 of 2nd period - Minor Penalty to Greg Pateryn for Hooking.
4:29 of 2nd period - Patrik Elias wins face-off versus Elias Lindholm in Coyotes zone.
5:03 of 2nd period - Minor Penalty to Dana Tyrell for Hooking.
5:04 of 2nd period - Elias Lindholm wins face-off versus Cody McCormick in Wild zone.
5:11 of 2nd period - Wrist shot by Elias Lindholm.
5:11 of 2nd period - Shot Misses the Net.
5:17 of 2nd period - Mark Borowiecki is hit by Cody McCormick and loses puck.
5:34 of 2nd period - Slapshot by Mark Streit.
5:34 of 2nd period - Shot Blocked by R.J. Umberger.
5:48 of 2nd period - Cody McCormick is hit by Elias Lindholm and loses puck.
6:22 of 2nd period - Backhand shot by Toby Enstrom.
6:22 of 2nd period - Shot Misses the Net.
6:28 of 2nd period - Penalty to Greg Pateryn is over, Greg Pateryn is back on ice.
6:32 of 2nd period - Derek Stepan is hit by Michal Jordan and loses puck.
7:03 of 2nd period - Penalty to Dana Tyrell is over, Dana Tyrell is back on ice.
7:12 of 2nd period - Michal Jordan is hit by Craig Cunningham.
7:16 of 2nd period - Mark Borowiecki is hit by Craig Cunningham and loses puck.
7:20 of 2nd period - Minor Penalty to Toby Enstrom for Hooking.
7:21 of 2nd period - Derek Stepan wins face-off versus Ryan Spooner in Wild zone.
7:32 of 2nd period - Slapshot by David Jones.
7:32 of 2nd period - Deflect By Ryan Spooner.
7:32 of 2nd period - Stopped by Ryan Miller with a rebound.
7:34 of 2nd period - Backhand shot by Andrej Sustr.
7:34 of 2nd period - Shot Hit the Post.
7:36 of 2nd period - Slapshot by Greg Pateryn.
7:36 of 2nd period - Shot Blocked by Jonathan Ericsson.
7:38 of 2nd period - Slapshot by Andrej Sustr.
7:38 of 2nd period - Stopped by Ryan Miller with a rebound.
7:40 of 2nd period - Snap shot by Greg Pateryn.
7:40 of 2nd period - Deflect By Cody Franson.
7:40 of 2nd period - Goal by Greg Pateryn - Coyotes : 2 - Wild : 2.
7:41 of 2nd period - Derek Stepan wins face-off versus Stephen Weiss in neutral zone.
8:52 of 2nd period - Slapshot by Mark Streit.
8:52 of 2nd period - Shot Misses the Net.
8:54 of 2nd period - Slapshot by Toby Enstrom.
8:54 of 2nd period - Shot Blocked by Gabriel Dumont.
8:56 of 2nd period - Slapshot by Mark Streit.
8:56 of 2nd period - Stopped by Carter Hutton with a rebound.
9:22 of 2nd period - R.J. Umberger is hit by Jordan Eberle and loses puck.
9:28 of 2nd period - Off-side.
9:29 of 2nd period - Ryan Spooner wins face-off versus Marcus Johansson in neutral zone.
10:25 of 2nd period - Max Talbot is hit by David Jones and loses puck.
10:54 of 2nd period - Wrist shot by Stephen Weiss.
10:54 of 2nd period - Deflect By Jonathan Marchessault.
10:54 of 2nd period - Shot Blocked by Max Talbot.
10:54 of 2nd period - Puck is out of play.
10:55 of 2nd period - Derek Stepan wins face-off versus Stephen Weiss in Wild zone.
11:02 of 2nd period - Slapshot by Mark Streit.
11:02 of 2nd period - Deflect By Derek Stepan.
11:02 of 2nd period - Shot Blocked by Mark Borowiecki.
11:02 of 2nd period - Puck is out of play.
11:03 of 2nd period - Derek Stepan wins face-off versus Stephen Weiss in Coyotes zone.
11:40 of 2nd period - Wrist shot by Derek Stepan.
11:40 of 2nd period - Stopped by Carter Hutton with a rebound.
11:50 of 2nd period - Mark Borowiecki is hit by Marcus Johansson and loses puck.
11:57 of 2nd period - Slapshot by Marcus Johansson.
11:57 of 2nd period - Shot Misses the Net.
11:59 of 2nd period - Wrist shot by Marcus Johansson.
11:59 of 2nd period - Stopped by Carter Hutton with a rebound.
12:17 of 2nd period - Snap shot by Marcus Johansson.
12:17 of 2nd period - Stopped by Carter Hutton with a rebound.
12:54 of 2nd period - Mark Borowiecki is hit by Craig Cunningham and loses puck.
14:14 of 2nd period - Marcus Johansson is hit by Philippe Paradis and loses puck.
14:38 of 2nd period - Minor Penalty to Marek Zidlicky for Hooking.
14:39 of 2nd period - Ryan Spooner wins face-off versus Cody McCormick in Wild zone.
15:33 of 2nd period - Derek Stepan is hit by R.J. Umberger and loses puck.
16:17 of 2nd period - Rob Klinkhammer is hit by Brad Marchand and loses puck.
16:24 of 2nd period - Mark Streit is hit by Rob Klinkhammer and loses puck.
16:38 of 2nd period - Penalty to Marek Zidlicky is over, Marek Zidlicky is back on ice.
17:07 of 2nd period - Backhand shot by Elias Lindholm.
17:07 of 2nd period - Shot Misses the Net.
18:27 of 2nd period - Michal Jordan is hit by Brad Marchand and loses puck.
19:26 of 2nd period - Jonathan Ericsson is hit by Jonathan Marchessault and loses puck.
19:31 of 2nd period - Slapshot by Michal Jordan.
19:31 of 2nd period - Stopped by Ryan Miller without a rebound.
19:32 of 2nd period - Craig Cunningham wins face-off versus Jonathan Marchessault in Wild zone.
Goals for this period are 2 for Coyotes vs 0 for Wild.
Shots for this period are 6 for Coyotes vs 4 for Wild.

3rd period


0:01 of 3rd period - Marcus Johansson wins face-off versus David Jones in neutral zone.
1:16 of 3rd period - Slapshot by Ryan Spooner.
1:16 of 3rd period - Stopped by Ryan Miller with a rebound.
1:18 of 3rd period - Slapshot by Greg Pateryn.
1:18 of 3rd period - Shot Misses the Net.
1:20 of 3rd period - Wrist shot by Mark Barberio.
1:20 of 3rd period - Shot Misses the Net.
1:22 of 3rd period - Slapshot by Mark Barberio.
1:22 of 3rd period - Deflect By Ryan Spooner.
1:22 of 3rd period - Stopped by Ryan Miller with a rebound.
1:28 of 3rd period - Wrist shot by R.J. Umberger.
1:28 of 3rd period - Shot Blocked by Tuomo Ruutu.
1:30 of 3rd period - Slapshot by Mark Barberio.
1:30 of 3rd period - Stopped by Ryan Miller with a rebound.
1:32 of 3rd period - Snap shot by Mark Barberio.
1:32 of 3rd period - Shot Blocked by Mark Streit.
1:34 of 3rd period - Snap shot by Rob Klinkhammer.
1:34 of 3rd period - Shot Misses the Net.
1:58 of 3rd period - Max Talbot is hit by Greg Pateryn and loses puck.
2:04 of 3rd period - Off-side.
2:05 of 3rd period - Cody McCormick wins face-off versus Stephen Weiss in neutral zone.
2:18 of 3rd period - Snap shot by Patrik Elias.
2:18 of 3rd period - Stopped by Carter Hutton with a rebound.
2:20 of 3rd period - Slapshot by Patrik Elias.
2:20 of 3rd period - Stopped by Carter Hutton with a rebound.
2:22 of 3rd period - Snap shot by Cody McCormick.
2:22 of 3rd period - Shot Blocked by Stephen Weiss.
2:24 of 3rd period - Wrist shot by Patrik Elias.
2:24 of 3rd period - Goal by Patrik Elias - Coyotes : 2 - Wild : 3.
2:25 of 3rd period - R.J. Umberger wins face-off versus Marcus Johansson in neutral zone.
2:50 of 3rd period - Wrist shot by Marcus Johansson.
2:50 of 3rd period - Shot Blocked by Mark Borowiecki.
3:23 of 3rd period - Slapshot by Michal Jordan.
3:23 of 3rd period - Deflect By Elias Lindholm.
3:23 of 3rd period - Stopped by Ryan Miller with a rebound.
4:24 of 3rd period - Snap shot by Mark Barberio.
4:24 of 3rd period - Deflect By Toby Enstrom.
4:24 of 3rd period - Stopped by Ryan Miller with a rebound.
4:26 of 3rd period - Snap shot by Gabriel Dumont.
4:26 of 3rd period - Stopped by Ryan Miller without a rebound.
4:27 of 3rd period - Craig Cunningham wins face-off versus Stephen Weiss in Wild zone.
4:34 of 3rd period - Slapshot by Marek Zidlicky.
4:34 of 3rd period - Shot Blocked by Michal Jordan.
4:36 of 3rd period - Minor Penalty to Nick Petrecki for High sticking.
4:37 of 3rd period - Elias Lindholm wins face-off versus Marcus Johansson in Coyotes zone.
4:37 of 3rd period - Elias Lindholm is hit by Mark Streit.
4:45 of 3rd period - Slapshot by Mark Streit.
4:45 of 3rd period - Shot Blocked by Mark Borowiecki.
4:47 of 3rd period - Backhand shot by Cody Franson.
4:47 of 3rd period - Deflect By Andrej Sustr.
4:47 of 3rd period - Goal by Cody Franson - Coyotes : 2 - Wild : 4.
4:48 of 3rd period - Elias Lindholm wins face-off versus Marcus Johansson in neutral zone.
5:00 of 3rd period - Icing by David Jones.
5:01 of 3rd period - Marcus Johansson wins face-off versus Stephen Weiss in Coyotes zone.
5:06 of 3rd period - Wrist shot by Marcus Johansson.
5:06 of 3rd period - Shot Misses the Net.
5:08 of 3rd period - Snap shot by Thomas Vanek.
5:08 of 3rd period - Shot Blocked by David Jones.
5:18 of 3rd period - Snap shot by Thomas Vanek.
5:18 of 3rd period - Deflect By Elias Lindholm.
5:18 of 3rd period - Shot Misses the Net.
5:18 of 3rd period - Puck is out of play.
5:19 of 3rd period - Ryan Spooner wins face-off versus Brad Marchand in Coyotes zone.
5:21 of 3rd period - Minor Penalty to Mark Borowiecki for Interference.
5:22 of 3rd period - Marcus Johansson wins face-off versus David Jones in Coyotes zone.
5:22 of 3rd period - Snap shot by Mark Streit.
5:22 of 3rd period - Deflect By Marcus Johansson.
5:22 of 3rd period - Shot Misses the Net.
5:22 of 3rd period - Puck is out of play.
5:23 of 3rd period - Elias Lindholm wins face-off versus Marcus Johansson in Coyotes zone.
5:52 of 3rd period - Slapshot by Mark Streit.
5:52 of 3rd period - Stopped by Carter Hutton without a rebound.
5:53 of 3rd period - Patrik Elias wins face-off versus Elias Lindholm in Coyotes zone.
5:56 of 3rd period - Snap shot by Brad Marchand.
5:56 of 3rd period - Stopped by Carter Hutton with a rebound.
6:08 of 3rd period - Snap shot by Brad Marchand.
6:08 of 3rd period - Shot Misses the Net.
6:14 of 3rd period - Slapshot by Brad Marchand.
6:14 of 3rd period - Stopped by Carter Hutton without a rebound.
6:15 of 3rd period - Marcus Johansson wins face-off versus Elias Lindholm in Coyotes zone.
7:12 of 3rd period - Slapshot by Ryan Spooner.
7:12 of 3rd period - Shot Misses the Net.
7:21 of 3rd period - Penalty to Mark Borowiecki is over, Mark Borowiecki is back on ice.
7:34 of 3rd period - Slapshot by Toby Enstrom.
7:34 of 3rd period - Shot Misses the Net.
7:38 of 3rd period - Slapshot by Brad Marchand.
7:38 of 3rd period - Shot Misses the Net.
7:40 of 3rd period - Slapshot by Toby Enstrom.
7:40 of 3rd period - Shot Hit the Post.
8:05 of 3rd period - Greg Pateryn is hit by Jonathan Ericsson and loses puck.
8:16 of 3rd period - Wrist shot by Stephen Weiss.
8:16 of 3rd period - Shot Blocked by Cody Franson.
8:18 of 3rd period - Slapshot by Greg Pateryn.
8:18 of 3rd period - Deflect By Stephen Weiss.
8:18 of 3rd period - Shot Misses the Net.
8:18 of 3rd period - Puck is out of play.
8:19 of 3rd period - Craig Cunningham wins face-off versus Gabriel Dumont in Wild zone.
8:19 of 3rd period - Dana Tyrell and Philippe Paradis fight to a draw.
8:19 of 3rd period - Penalty to Dana Tyrell for Fighting.
8:19 of 3rd period - Penalty to Philippe Paradis for Fighting.
8:20 of 3rd period - Marcus Johansson wins face-off versus Stephen Weiss in Wild zone.
8:35 of 3rd period - Wrist shot by Marcus Johansson.
8:35 of 3rd period - Shot Misses the Net.
8:37 of 3rd period - Slapshot by Toby Enstrom.
8:37 of 3rd period - Stopped by Carter Hutton with a rebound.
8:39 of 3rd period - Slapshot by Mark Streit.
8:39 of 3rd period - Shot Blocked by Elias Lindholm.
8:41 of 3rd period - Slapshot by Mark Streit.
8:41 of 3rd period - Stopped by Carter Hutton with a rebound.
9:13 of 3rd period - Wrist shot by Max Talbot.
9:13 of 3rd period - Shot Misses the Net.
9:21 of 3rd period - Snap shot by Patrik Elias.
9:21 of 3rd period - Shot Misses the Net.
9:23 of 3rd period - Slapshot by Cody Franson.
9:23 of 3rd period - Shot Misses the Net.
9:37 of 3rd period - Wrist shot by Cody Franson.
9:37 of 3rd period - Stopped by Carter Hutton without a rebound.
9:38 of 3rd period - Ryan Spooner wins face-off versus Derek Stepan in Coyotes zone.
9:45 of 3rd period - Snap shot by Rob Klinkhammer.
9:45 of 3rd period - Shot Misses the Net.
10:00 of 3rd period - Minor Penalty to Mark Borowiecki for Cross-checking.
10:01 of 3rd period - Marcus Johansson wins face-off versus Elias Lindholm in Coyotes zone.
10:29 of 3rd period - Snap shot by Marcus Johansson.
10:29 of 3rd period - Stopped by Carter Hutton with a rebound.
10:31 of 3rd period - Snap shot by Thomas Vanek.
10:31 of 3rd period - Shot Blocked by Andrej Sustr.
10:33 of 3rd period - Slapshot by Mark Streit.
10:33 of 3rd period - Shot Misses the Net.
10:35 of 3rd period - Snap shot by Cody McCormick.
10:35 of 3rd period - Stopped by Carter Hutton with a rebound.
10:51 of 3rd period - R.J. Umberger is hit by Patrik Elias and loses puck.
11:13 of 3rd period - Wrist shot by Patrik Elias.
11:13 of 3rd period - Goal by Patrik Elias - Coyotes : 2 - Wild : 5.
11:14 of 3rd period - Derek Stepan wins face-off versus Stephen Weiss in neutral zone.
11:17 of 3rd period - Slapshot by Mark Streit.
11:17 of 3rd period - Stopped by Carter Hutton with a rebound.
11:19 of 3rd period - Snap shot by Dale Weise.
11:19 of 3rd period - Stopped by Carter Hutton without a rebound.
11:20 of 3rd period - Craig Cunningham wins face-off versus Stephen Weiss in Coyotes zone.
11:44 of 3rd period - Icing by Greg Pateryn.
11:45 of 3rd period - Stephen Weiss wins face-off versus Marcus Johansson in Coyotes zone.
12:10 of 3rd period - Icing by Stephen Weiss.
12:11 of 3rd period - Derek Stepan wins face-off versus Stephen Weiss in Coyotes zone.
12:32 of 3rd period - Slapshot by Ryan Spooner.
12:32 of 3rd period - Goal by Ryan Spooner - Coyotes : 3 - Wild : 5.
12:33 of 3rd period - Marcus Johansson wins face-off versus Ryan Spooner in neutral zone.
12:36 of 3rd period - Slapshot by Jordan Eberle.
12:36 of 3rd period - Shot Misses the Net.
12:50 of 3rd period - Mark Streit is hit by R.J. Umberger.
13:00 of 3rd period - Snap shot by Ryan Spooner.
13:00 of 3rd period - Shot Misses the Net.
13:02 of 3rd period - Slapshot by Mark Borowiecki.
13:02 of 3rd period - Stopped by Ryan Miller with a rebound.
13:04 of 3rd period - Slapshot by Andrej Sustr.
13:04 of 3rd period - Shot Misses the Net.
13:06 of 3rd period - Slapshot by Mark Borowiecki.
13:06 of 3rd period - Stopped by Ryan Miller without a rebound.
13:07 of 3rd period - Derek Stepan wins face-off versus Elias Lindholm in Wild zone.
14:04 of 3rd period - Snap shot by Mark Borowiecki.
14:04 of 3rd period - Deflect By Marek Zidlicky.
14:04 of 3rd period - Stopped by Ryan Miller without a rebound.
14:05 of 3rd period - Gabriel Dumont wins face-off versus Cody McCormick in Wild zone.
14:56 of 3rd period - Wrist shot by Marcus Johansson.
14:56 of 3rd period - Shot Misses the Net.
14:58 of 3rd period - Wrist shot by Marcus Johansson.
14:58 of 3rd period - Stopped by Carter Hutton with a rebound.
15:00 of 3rd period - Snap shot by Marcus Johansson.
15:00 of 3rd period - Goal by Marcus Johansson - Coyotes : 3 - Wild : 6.
15:01 of 3rd period - Elias Lindholm wins face-off versus Derek Stepan in neutral zone.
15:19 of 3rd period - Derek Stepan is hit by Stephen Weiss and loses puck.
15:29 of 3rd period - Snap shot by David Jones.
15:29 of 3rd period - Shot Blocked by Jonathan Ericsson.
15:31 of 3rd period - Snap shot by David Jones.
15:31 of 3rd period - Stopped by Ryan Miller with a rebound.
15:32 of 3rd period - Minor Penalty to Nick Petrecki for Holding.
15:33 of 3rd period - Marcus Johansson wins face-off versus Elias Lindholm in Coyotes zone.
15:34 of 3rd period - Snap shot by Mark Streit.
15:34 of 3rd period - Shot Misses the Net.
15:36 of 3rd period - Slapshot by Cody Franson.
15:36 of 3rd period - Shot Blocked by Mark Borowiecki.
15:38 of 3rd period - Snap shot by Cody Franson.
15:38 of 3rd period - Shot Misses the Net.
15:42 of 3rd period - Snap shot by Marcus Johansson.
15:42 of 3rd period - Stopped by Carter Hutton with a rebound.
15:44 of 3rd period - Slapshot by Cody Franson.
15:44 of 3rd period - Shot Misses the Net.
15:46 of 3rd period - Slapshot by Cody Franson.
15:46 of 3rd period - Deflect By Mark Borowiecki.
15:46 of 3rd period - Stopped by Carter Hutton with a rebound.
15:48 of 3rd period - Slapshot by Cody Franson.
15:48 of 3rd period - Stopped by Carter Hutton with a rebound.
15:50 of 3rd period - Snap shot by Cody McCormick.
15:50 of 3rd period - Stopped by Carter Hutton without a rebound.
15:51 of 3rd period - Elias Lindholm wins face-off versus Marcus Johansson in Coyotes zone.
17:32 of 3rd period - Penalty to Nick Petrecki is over, Nick Petrecki is back on ice.
17:38 of 3rd period - Slapshot by Mark Streit.
17:38 of 3rd period - Deflect By Patrik Elias.
17:38 of 3rd period - Stopped by Carter Hutton with a rebound.
18:27 of 3rd period - Mark Barberio is hit by Brian Strait and loses puck.
18:46 of 3rd period - Jordan Eberle is hit by Rob Klinkhammer.
18:54 of 3rd period - Snap shot by R.J. Umberger.
18:54 of 3rd period - Shot Blocked by Marek Zidlicky.
19:12 of 3rd period - Patrik Elias is hit by Bobby Butler and loses puck.
19:23 of 3rd period - Slapshot by Bobby Butler.
19:23 of 3rd period - Stopped by Ryan Miller without a rebound.
19:24 of 3rd period - Derek Stepan wins face-off versus Gabriel Dumont in Wild zone.
19:37 of 3rd period - Snap shot by Bobby Butler.
19:37 of 3rd period - Stopped by Ryan Miller with a rebound.
19:39 of 3rd period - Backhand shot by Nick Petrecki.
19:39 of 3rd period - Deflect By Derek Stepan.
19:39 of 3rd period - Stopped by Ryan Miller with a rebound.
19:41 of 3rd period - Slapshot by Michal Jordan.
19:41 of 3rd period - Deflect By Derek Stepan.
19:41 of 3rd period - Stopped by Ryan Miller without a rebound.
19:42 of 3rd period - Derek Stepan wins face-off versus Gabriel Dumont in Wild zone.
19:56 of 3rd period - Slapshot by Michal Jordan.
19:56 of 3rd period - Shot Misses the Net.
Goals for this period are 1 for Coyotes vs 4 for Wild.
Shots for this period are 15 for Coyotes vs 22 for Wild.